 Dungeon Sprint DCSS version 0.30.1-11-g7821555f0a (webtiles) character file.

Game seed: 6727720884294211640

4724 Groucho the Thaumaturge (level 10, -3/44 HPs)
             Began as a Spriggan Earth Elementalist on Jan 4, 2024.
             Was a High Priest of Sif Muna.
             Slain by a phantasmal warrior (30 damage)
             ... in the Dungeon (Sprint VII: "The Pits").
             The game lasted 00:11:10 (3670 turns).

Groucho the Thaumaturge (SpEE)                      Turns: 3670, Time: 00:11:10

Health: -3/44      AC:  6    Str:  4    XL:     10   Next: 22%
Magic:  6/26       EV: 18    Int: 20    God:    Sif Muna [*****.]
Gold:   0          SH:  0    Dex: 20    Spells: 19/32 levels left

rFire   . . .        l - +1 dagger (elec)
rCold   . . .        (no shield)
rNeg    . . .        a - +0 robe
rPois   .            (helmet restricted)
rElec   .            s - +0 cloak
rCorr   .            (gloves unavailable)
SInv    +            (boots unavailable)
Will    .....        (no amulet)
Stlth   ++++         m - +3 ring of protection
HPRegen 0.27/turn    n - +3 ring of dexterity
MPRegen 0.20/turn

%: no teleportation
@: weak-willed, very quick
A: very small, no large weapons, unfitting armour, see invisible, speed 3
a: Renounce Religion, Channel Magic, Forget Spell, Divine Exegesis


You were in the Dungeon.
You worshipped Sif Muna.
Sif Muna was extremely pleased with you.
You visited 1 branch

Inventory:

Hand Weapons
 h - a +2 dagger
 l - a +1 dagger of electrocution (weapon)
 r - a +2 rapier of venom
Armour
 a - a +0 robe (worn)
 s - a +0 cloak (worn)
Jewellery
 m - a +3 ring of protection (left hand)
 n - a +3 ring of dexterity (right hand)
Scrolls
 g - a scroll of blinking
 j - 5 scrolls of amnesia
 k - a scroll of butterflies
Potions
 b - 4 potions of magic
 c - 10 potions of curing
 d - 6 potions of heal wounds
 e - a potion of haste
 f - 3 potions of berserk rage
 i - 2 potions of invisibility
 o - a potion of mutation
 p - 3 potions of brilliance
 q - a potion of might


   Skills:
 + Level 0.4 Fighting
 + Level 5.1 Short Blades
 + Level 3.1 Dodging
 + Level 7.1 Stealth
 + Level 11.7 Spellcasting
 * Level 10.5 Conjurations
 + Level 9.6 Transmutations
 + Level 11.3 Earth Magic
 + Level 9.7 Invocations


You had 19 spell levels left.
You knew the following spells:

 Your Spells              Type           Power      Damage    Failure   Level
a - Sandblast             Erth           100%       2d20      1%          1
b - Stone Arrow           Conj/Erth      100%       3d13      1%          3
c - Petrify               Tmut/Erth      52%        N/A       1%          4
d - Irradiate             Conj/Tmut      25%        3d20      2%          5

Your spell library contained the following spells:

 Spells                   Type           Power      Damage    Failure   Level
 Foxfire                  Conj/Fire      100%       2x1d9     1%          1
 Magic Dart               Conj           100%       1d8       1%          1
 Passwall                 Tmut/Erth      43%        N/A       1%          2
 Searing Ray              Conj           100%       2d8       1%          2
 Blade Hands              Tmut           25%        N/A       3%          5
 Animate Armour           Summ/Erth      68%        N/A       5%          4
 Fulminant Prism          Conj/Hex       16%        3d10      7%          4
 Iskenderun's Mystic Bla  Conj/Tloc      32%        2d8       7%          4
 Lesser Beckoning         Tloc           22%        N/A       9%          2
 Sublimation of Blood     Necr           11%        N/A       9%          2
 Iron Shot                Conj/Erth      26%        9d6       10%         6
 Vhi's Electric Charge    Tloc/Air       22%        N/A       17%         3
 Necromutation            Tmut/Necr      15%        N/A       100%        8
 Chain Lightning          Conj/Air       16%        3d21      100%        9


Dungeon Overview and Level Annotations

Branches:
Dungeon (1/1)

Altars:
Ashenzari
Cheibriados
Dithmenos
Elyvilon
Fedhas
Gozag
Hepliaklqana
Kikubaaqudgha
Makhleb
Nemelex Xobeh
Okawaru
Qazlal
Ru
Sif Muna
Trog
Uskayaw
Vehumet
Wu Jian
Xom
Yredelemnul
Zin
The Shining One
Jiyva
Lugonu

Annotations:
D Erica


Innate Abilities, Weirdness & Mutations

You are very small and have problems with some larger weapons.
You are too small for most types of armour.
You have supernaturally acute eyesight. (SInv)
You cover ground extremely quickly. (Speed+++)


Message History

Unknown command.
Unknown command.
Casting: Stone Arrow (safe; 1% risk of failure)
Confirm with . or Enter, or press ? or * to list all spells.
Aiming: Stone Arrow (safe; 1% risk of failure)
Press: ? - help, Shift-Dir - straight line, f/p - phantasmal warrior
Aim: a phantasmal warrior (severely damaged, 78% to hit)
The stone arrow misses the phantasmal warrior.
The phantasmal warrior misses you.
Casting: Stone Arrow (safe; 1% risk of failure)
Confirm with . or Enter, or press ? or * to list all spells.
Aiming: Stone Arrow (safe; 1% risk of failure)
Press: ? - help, Shift-Dir - straight line, f/p - phantasmal warrior
Aim: a phantasmal warrior (severely damaged, 78% to hit)
The stone arrow hits the phantasmal warrior.
The phantasmal warrior is severely damaged.
The phantasmal warrior hits you!
Your willpower is stripped away!
Unknown command.
Unknown command.
Casting: Stone Arrow (safe; 1% risk of failure)
Confirm with . or Enter, or press ? or * to list all spells.
Aiming: Stone Arrow (safe; 1% risk of failure)
Press: ? - help, Shift-Dir - straight line, f/p - phantasmal warrior
Aim: a phantasmal warrior (severely damaged, 78% to hit)
The stone arrow misses the phantasmal warrior.
The phantasmal warrior hits you!
Unknown command.
Unknown command.
Casting: Stone Arrow (safe; 1% risk of failure)
Confirm with . or Enter, or press ? or * to list all spells.
Aiming: Stone Arrow (safe; 1% risk of failure)
Press: ? - help, Shift-Dir - straight line, f/p - phantasmal warrior
Aim: a phantasmal warrior (severely damaged, 78% to hit)
The stone arrow hits the phantasmal warrior.
The phantasmal warrior is severely damaged.
The phantasmal warrior hits you!!
* * * LOW HITPOINT WARNING * * *
You feel much better. The phantasmal warrior hits you!!
Ouch! That really hurt!
You die...

_______.# _______.#
_____...###########++######
#######'##................#
(.')))'.##......#..#......#
#######.##................+
........)'.......)........+
####'#####......#..#......#
[[#.....##......@W........#
))#####'#####'#####['#####
))#.....##.......##''#####
).#.....##.......##......#
..###'####.......##......# .
#'#.....##...<...###....## ####.
.......[##.......# ##''## ###lhW.
........##.......###...D###....##
##########.......##..W...#....##.


You could see a phantasmal warrior.

Vanquished Creatures
  A sun demon (D)
  A bog body (D)
  A spriggan druid (D)
  A cane toad (D)
  3 hellwings (D)
  A flying skull (D)
  Eustachio (D)
  2 wyverns (D)
  An acid dragon (D)
  Duvessa (D)
  A water moccasin (D)
  A floating eye (D)
  A black bear (D)
  6 wolves (D)
  2 centaurs (D)
  2 phantoms (D)
  A bullfrog (D)
  2 scorpions (D)
  A crimson imp (D)
  2 hounds (D)
  Terence (D)
  A hell rat (D)
  A mummy (D)
  An adder (D)
  2 river rats (D)
  2 orcs (D)
  A bat zombie (D)
  An endoplasm (D)
  2 frilled lizards (D)
44 creatures vanquished.

Notes
Turn   | Place    | Note
-------+----------+-------------------------------------------
     0 | D        | Groucho the Spriggan Earth Elementalist began the quest for
                  | the Orb.
     0 | D        | Reached XP level 1. HP: 9/9 MP: 5/5
    37 | D        | Found a glowing golden altar of the Shining One.
    37 | D        | Found a glowing silver altar of Zin.
    37 | D        | Found a basalt altar of Yredelemnul.
    37 | D        | Found a shimmering altar of Xom.
    37 | D        | Found an ornate altar of the Wu Jian Council.
    37 | D        | Found a bloodstained altar of Trog.
    37 | D        | Found a shimmering blue altar of Sif Muna.
    37 | D        | Found a sacrificial altar of Ru.
    37 | D        | Found a stormy altar of Qazlal.
    37 | D        | Found an iron altar of Okawaru.
    37 | D        | Found a sparkling altar of Nemelex Xobeh.
    37 | D        | Found a burning altar of Makhleb.
    37 | D        | Found a viscous altar of Jiyva.
    37 | D        | Found a hazy altar of Hepliaklqana.
    37 | D        | Found an opulent altar of Gozag.
    37 | D        | Found a blossoming altar of Fedhas.
    37 | D        | Found a white marble altar of Elyvilon.
    37 | D        | Found a shadowy altar of Dithmenos.
    37 | D        | Found a snail-covered altar of Cheibriados.
    38 | D        | Found a radiant altar of Vehumet.
    38 | D        | Found a corrupted altar of Lugonu.
    39 | D        | Found an ancient bone altar of Kikubaaqudgha.
    39 | D        | Found a hide-covered altar of Uskayaw.
    39 | D        | Found a broken altar of Ashenzari.
    40 | D        | Became a worshipper of Sif Muna the Loreminder
    49 | D        | Reached skill level 1 in Conjurations
    49 | D        | Noticed a floating eye
    51 | D        | Killed a floating eye
    52 | D        | Reached skill level 5 in Spellcasting
    52 | D        | Reached skill level 5 in Earth Magic
    52 | D        | Reached XP level 2. HP: 13/13 MP: 2/9
    52 | D        | Reached XP level 3. HP: 16/16 MP: 2/10
    52 | D        | Reached XP level 4. HP: 21/21 MP: 2/12
   230 | D        | Learned a level 3 spell: Stone Arrow
   232 | D        | Noticed a scorpion
   233 | D        | Reached * piety under Sif Muna
   236 | D        | Killed a scorpion
   237 | D        | Reached XP level 5. HP: 24/24 MP: 10/14
   518 | D        | Reached ** piety under Sif Muna
   583 | D        | Reached skill level 5 in Conjurations
   634 | D        | Noticed a black bear
   635 | D        | Noticed a phantom
   635 | D        | Noticed Terence
   635 | D        | Noticed a water moccasin
   640 | D        | Noticed a flying skull
   648 | D        | Killed a flying skull
   649 | D        | Reached skill level 5 in Invocations
   649 | D        | Reached XP level 6. HP: 28/28 MP: 2/17
   654 | D        | Reached *** piety under Sif Muna
   662 | D        | Reached XP level 7. HP: 32/32 MP: 0/19
   895 | D        | Killed Terence
   922 | D        | Noticed Duvessa
   930 | D        | Killed Duvessa
  1285 | D        | Noticed a spriggan druid
  1289 | D        | Killed a spriggan druid
  1289 | D        | Reached **** piety under Sif Muna
  1290 | D        | Reached skill level 5 in Stealth
  1290 | D        | Reached XP level 8. HP: 36/36 MP: 8/22
  1773 | D        | Reached ***** piety under Sif Muna
  2146 | D        | Learned a level 4 spell: Petrify
  2156 | D        | Noticed a hellwing
  2157 | D        | Noticed Eustachio
  2159 | D        | Received a gift from Sif Muna
  2160 | D        | Reached skill level 5 in Transmutations
  2166 | D        | Killed a hellwing
  2168 | D        | Killed Eustachio
  2169 | D        | Reached skill level 10 in Earth Magic
  2171 | D        | Got Utilas's Elucidation of Brilliant Zombies {god gift}
  2464 | D        | Noticed a bog body
  2466 | D        | Killed a bog body
  2467 | D        | Reached skill level 10 in Spellcasting
  2467 | D        | Reached XP level 9. HP: 39/39 MP: 16/24
  2624 | D        | Reached skill level 5 in Short Blades
  2627 | D        | Received a gift from Sif Muna
  2628 | D        | Got Sif Muna's Teachings on the Changing Vector {god gift}
  2636 | D        | Learned a level 5 spell: Irradiate
  2698 | D        | Noticed a hellwing
  2703 | D        | Killed a hellwing
  2712 | D        | Noticed a cane toad
  2723 | D        | Killed a cane toad
  2920 | D        | Noticed a hellwing
  2935 | D        | Killed a hellwing
  2936 | D        | Reached skill level 10 in Conjurations
  3084 | D        | Noticed a sun demon
  3093 | D        | Killed a sun demon
  3093 | D        | Received a gift from Sif Muna
  3094 | D        | Reached XP level 10. HP: 27/44 MP: 4/26
  3504 | D        | Noticed Erica
  3512 | D        | Noticed a shadow wraith
  3649 | D        | Noticed a phantasmal warrior
  3670 | D        | Slain by a phantasmal warrior

Illustrated notes

Levels and vault maps discovered:
D:        pitsprint [storerooms_1, entrance_room_1, metal_vault_2, armoury_2,
          mini_pit_1, grid_room_1, main_hall_1, silver_pit, the_coven_3,
          the_vestibule_1, steel_vault_2, golden_pit, hallway_of_sentries,
          crystal_vault_6, iron_vault_3, final_vault]

Skill      XL: |  1  2  3  4  5  6  7  8  9 10 |
---------------+-------------------------------+-----
Spellcasting   | 5 7 9 10 11 | 11.7
Earth Magic    | 5 6 7 8 9 10 11 | 11.3
Conjurations   | 3 4 6 7 9 10 | 10.5
Invocations    | 3 4 5 7 8 9 |  9.7
Transmutations | 4 7 9 |  9.6
Short Blades   | 2 4 5 |  5.1
Stealth        | 5 7 |  7.1
Dodging        | 3 |  3.1
Fighting       | |  0.4

Action                     |  1- 3 |  4- 6 |  7- 9 | 10-12 || total
---------------------------+-------+-------+-------+-------++-------
  Melee: Dagger            |       |     1 |     2 |     5 ||     8
         Punch             |       |       |       |     1 ||     1
   Cast: Sandblast         |     4 |       |     2 |       ||     6
         Stone Arrow       |       |    19 |    62 |     9 ||    90
         Irradiate         |       |       |     2 |       ||     2
         Petrify           |       |       |       |     2 ||     2
 Invoke: Channel Magic     |       |     1 |     1 |       ||     2
    Use: Potion            |       |       |     2 |     1 ||     3
   Stab: Sleeping          |       |     1 |       |       ||     1
         Petrified         |       |       |       |     2 ||     2
 Armour: Robe              |       |     1 |     3 |       ||     4
  Dodge: Dodged            |       |     5 |    22 |     7 ||    34
